 Dungeon Crawl Stone Soup version 0.27-a0-103-g6cd7b45605 (webtiles) character file.

Game seed: 16914666020224543582

46806 jasper the Severer (level 14, -2/141 HPs)
             Began as a Palentonga Berserker on Jan 22, 2021.
             Was a High Priest of Trog.
             Slain by a vault guard
             ... wielding a +0 battleaxe
              (7 damage)
             ... on level 14 of the Dungeon.
             The game lasted 00:40:01 (24345 turns).

jasper the Severer (Palentonga Berserker)          Turns: 24345, Time: 00:40:01

Health: -2/141     AC: 23    Str: 25    XL:     14   Next: 6%
Magic:  14/14      EV:  8    Int: 11    God:    Trog [*****.]
Gold:   656        SH:  0    Dex:  9    Spells: 13/13 levels left

rFire    + + +     SeeInvis +   H - +3 war axe (flame)
rCold    . . .     Faith    .   (no shield)
rNeg     + + .     Spirit   .   e - +0 fire dragon scales
rPois    +         Reflect  .   J - +2 helmet of Kleptomania {rPois Will+}
rElec    .         Harm     .   W - +1 cloak
rCorr    .         Rampage  .   (no gloves)
Will     ++...                  (no barding)
Stlth    ..........             i - amulet of regeneration
HPRegen  0.73/turn              q - ring "Zyin" {+Fly rN++ Int+2}
MPRegen  0.14/turn              Z - ring of Usomithri {+Fly rF+ rC+}

@: lethally poisoned (-2 -> -2), berserk cooldown, slowed, studying 2 skills,
curled up, very slow
A: large, rugged brown scales 3, see invisible, deformed body, roll 1, armoured
tail, reflexive curl
a: Rolling Charge, Renounce Religion, Evoke Flight, Berserk, Trog's Hand,
Brothers in Arms


You were on level 14 of the Dungeon.
You worshipped Trog.
Trog was extremely pleased with you.
You visited 2 branches of the dungeon, and saw 19 of its levels.
You also visited: Gauntlet.

You collected 1119 gold pieces.
You spent 463 gold pieces at shops.

Inventory:

Hand Weapons
 z - a +0 war axe
 H - a +3 war axe of flaming (weapon)
 L - a +1 battleaxe of electrocution
 M - a +3 vorpal executioner's axe
Missiles
 h - 2 throwing nets
 m - 30 javelins
 D - 305 stones
 E - 5 boomerangs (quivered)
 O - a silver boomerang
Armour
 e - +0 fire dragon scales (worn)
 v - a +0 plate armour
 J - the +2 helmet of Kleptomania (worn) {rPois Will+}
   (You bought it in a shop on level 7 of the Dungeon)

   It protects you from poison.
   It affects your willpower, your defense against some magical effects.
 W - a +1 cloak (worn)
Jewellery
 i - an amulet of regeneration (around neck)
 q - the ring "Zyin" (left hand) {+Fly rN++ Int+2}
   (You acquired it on level 12 of the Dungeon)

   [ring of flight]

   It affects your intelligence (+2).
   It greatly protects you from negative energy.
   It lets you fly.
 y - a +4 ring of protection
 C - an uncursed ring of fire
 F - a +4 ring of protection
 S - a +6 ring of intelligence
 T - an uncursed ring of willpower
 U - an uncursed ring of ice
 V - an uncursed amulet of magic regeneration {unknown}
 Z - the ring of Usomithri (right hand) {+Fly rF+ rC+}
   (You found it in a Gauntlet)

   [ring of protection from cold]

   It protects you from fire.
   It protects you from cold.
   It lets you fly.
Wands
 B - a wand of digging (21)
 K - a wand of flame (27)
 Q - a wand of iceblast (17)
 R - a wand of polymorph (7)
Scrolls
 b - 2 scrolls of enchant weapon
 c - a scroll of magic mapping
 j - a scroll of identify
 k - a scroll of fog
 n - 13 scrolls of remove curse
 p - 2 scrolls of enchant armour
 s - 3 scrolls of noise
 t - 3 scrolls of fear
 x - 9 scrolls of teleportation
 I - a scroll of random uselessness
Potions
 d - 2 potions of lignification
 f - 8 potions of haste
 g - 5 potions of brilliance
 l - 2 potions of flight
 o - 6 potions of curing
 u - 4 potions of heal wounds
 w - 5 potions of mutation
 A - a potion of attraction
 N - 3 potions of might
 P - a potion of magic
 X - a potion of resistance
 Y - a potion of invisibility
Books
 r - a manual of Fighting
 G - a manual of Axes
Miscellaneous
 a - a lightning rod (4/4)


   Skills:
 + Level 14.1 Fighting
 - Level 15.2 Axes
 - Level 1.0 Slings
 + Level 10.6 Armour
 - Level 1.5 Dodging
 - Level 6.0 Evocations


You had 13 spell levels left.
You didn't know any spells.
Your spell library was empty.

Dungeon Overview and Level Annotations

Branches:
Dungeon (14/15)            Temple (0/1) D:7            Lair (5/6) D:11
  Swamp (0/4) Lair:3       Spider (0/4) Lair:2        Slime (0/5) Lair:5
    Orc (0/2) D:12        Gauntlet (visited)
 Vaults: D:13-14

Altars:
Ashenzari
Cheibriados
Dithmenos
Fedhas
Gozag
Hepliaklqana
Makhleb
Nemelex Xobeh
Okawaru
Ru
Trog
Uskayaw
Wu Jian
Zin
The Shining One
Jiyva

Shops:
D:7 [   D:11 *   D:12 ?

Annotations:
D:8 Harold
Lair:1 3 runed translucent doors, exclusion: oklob plant, cobaltphoenix's ghost, journeyman TrMo
Lair:3 1 runed translucent door


Innate Abilities, Weirdness & Mutations

You are completely covered in rugged brown scales. (AC +3, +7% HP)
You have supernaturally acute eyesight. (SInv)
Armour fits poorly on your strangely shaped body.
You can roll at nearby foes to attack.
You have a long armoured tail.
You curl defensively after being hit.


Message History

The orc shouts! x2; The vampire mosquito buzzes angrily. x2
You feel a strong urge to attack something.
You feel sick.
You hear a shout! x2
Found a scroll labelled TOSIOC NOFREE.
There is a stone staircase leading down here.
You are no longer berserk.
You are exhausted.
You feel yourself slow down.
You feel sick.
You hear a shout! x2
The vampire mosquito bites you.
* * * LOW HITPOINT WARNING * * *
You climb downwards.
A vault guard comes into view. It is wielding a +0 dire flail.
You feel sick.
The vault guard shouts!
Your two-headed ogre is no longer berserk.
Your two-headed ogre disappears in a puff of smoke!
The vault guard hits you with a +0 battleaxe!
You die...

*,***,,,****,,,*#....#,,,,,,* ***
**,** **,,,*#....#,,,,,,* *,*
*,,,,*#....#,,,,,,* *,*
*,,,,,#....+,,,,,,*** *,*
*,,,,,#....#,,,,,,,,, *,*
*,,,,,#....#,,,,,,*,,
********,##########'####..,,,,,,,
<,,,,,,,,..>..)[[........#****,,*
,,,,,,,,,..p..§p@........# ***,,*
,,,,,,,,>......y[........#**,,,,,
,,,,,,,,,..................*,,,,*
,,,,,^,,,#####+##........#.*,,,,,
,,,,,,,,,*,,,,,,#..........,,,,,,
,,,*+*****,,,,,,######....#*,,*,*
,,,*,,,,,*,,**,,**,,,*....**,*,,*
,,,+,,,,**+***,,**,,,*,..,,,,,,,,
,,,*,,,,**,,**,,**,,,*,,,,**,,,,*


You could see 2 vault guards and a vampire mosquito.

Vanquished Creatures
  A minotaur (Gauntlet)
  Snorg (D:14)
  Josephine (Lair:4)
  Erolcha (D:9)
  Fannar (Lair:1)
  9 hydras
  A two-headed ogre (D:11)
  Nergalle (Lair:2)
  2 unseen horrors
  Pikel (D:8)
  A wolf spider (Lair:2)
  An ugly thing (D:10)
  2 manticores (D:11)
  5 black mambas
  Joseph (D:10)
  6 elephants (Lair:5)
  2 torpor snails (Lair:3)
  14 cane toads
  A rime drake (Lair:3)
  2 komodo dragons
  A hellwing (Gauntlet)
  3 trolls
  3 meliai (D:14)
  A jumping spider (Lair:2)
  2 hornets
  2 polar bears
  12 blink frogs
  A dream sheep (Lair:3)
  A centaur simulacrum (Gauntlet)
  A redback (Lair:2)
  4 wraiths (Lair:4)
  A shadow (D:12)
  A vampire (D:11)
  2 basilisks (Lair:3)
  2 wyverns
  28 yaks
  3 vampire mosquitoes (Lair:3)
  A soldier ant (D:12)
  An acid dragon (D:11)
  12 water moccasins
  4 ice beasts
  5 orc warriors
  2 sky beasts
  2 eyes of draining
  5 necrophages
  2 black bears
  5 ogres
  2 phantoms
  14 wolves
  14 centaurs
  4 lemures (D:8)
  A big kobold (D:8)
  14 bullfrogs
  A gnoll sergeant (D:11)
  Blork the orc (D:6)
  A water moccasin zombie (D:11)
  A scorpion (Lair:3)
  6 killer bees
  9 howler monkeys
  19 wights
  6 electric eels
  A bullfrog zombie (D:11)
  A centaur zombie (D:7)
  2 wyvern simulacra (Gauntlet)
  4 jellies
  6 hounds
  4 centaur skeletons
  15 orc priests
  A gnoll shaman (D:7)
  Jessica (D:2)
  A bullfrog skeleton (D:9)
  4 iguanas
  11 orc wizards
  11 worker ants
  2 bullfrog simulacra (Gauntlet)
  A hound skeleton (D:4)
  3 mummies (D:11)
  A worker ant zombie (D:11)
  2 howler monkey skeletons
  9 adders
  15 gnolls
  2 white imps
  4 ufetubi
  An adder zombie (D:9)
  A dart slug (D:3)
  6 leopard geckos
  46 orcs
  8 bats
  4 giant cockroaches
  8 hobgoblins
  4 jackals
  6 quokkas
  4 frilled lizards
  15 goblins
  8 kobolds
  A leopard gecko skeleton (D:8)
  5 rats
472 creatures vanquished.

Vanquished Creatures (collateral kills)
  Urug (Lair:2)
  A manticore (D:12)
  A centaur skeleton (D:14)
  4 yaks (D:12)
  An orc warrior (D:14)
  An iguana (D:12)
9 creatures vanquished.

Vanquished Creatures (others)
  A komodo dragon (Lair:5)
  50 fungi
  67 plants
  4 toadstools (Lair:3)
122 creatures vanquished.

Grand Total: 603 creatures vanquished

Notes
Turn   | Place    | Note
-------+----------+-------------------------------------------
     0 | D:1      | jasper the Palentonga Berserker began the quest for the
                  | Orb.
     0 | D:1      | Reached XP level 1. HP: 20/20 MP: 1/1
   340 | D:1      | Reached XP level 2. HP: 14/27 MP: 2/2
   719 | D:1      | Reached skill level 4 in Axes
   770 | D:1      | Found a broken altar of Ashenzari.
  1265 | D:2      | Found a hide-covered altar of Uskayaw.
  1291 | D:2      | Reached XP level 3. HP: 33/33 MP: 3/3
  1326 | D:2      | Reached ** piety under Trog
  1674 | D:2      | Found a sacrificial altar of Ru.
  1675 | D:2      | Noticed Jessica
  1684 | D:2      | Killed Jessica
  1685 | D:2      | Reached skill level 5 in Axes
  1685 | D:2      | Reached XP level 4. HP: 21/40 MP: 4/4
  2126 | D:3      | Reached XP level 5. HP: 48/48 MP: 5/5
  2299 | D:3      | Found a glowing silver altar of Zin.
  2300 | D:3      | Found an ornate altar of the Wu Jian Council.
  2766 | D:3      | Noticed a centaur
  2779 | D:3      | Killed a centaur
  2780 | D:3      | Reached skill level 6 in Axes
  3482 | D:3      | Reached XP level 6. HP: 54/54 MP: 6/6
  3565 | D:4      | Reached skill level 7 in Axes
  3791 | D:4      | Found an iron altar of Okawaru.
  4381 | D:4      | Found a bloodstained altar of Trog.
  4468 | D:5      | Entered Level 5 of the Dungeon
  4930 | D:5      | Found an iron altar of Okawaru.
  4958 | D:4      | Reached *** piety under Trog
  5203 | D:5      | Reached skill level 8 in Axes
  5327 | D:5      | Gained mutation: You curl defensively after being hit.
                  | [Palentonga growth]
  5327 | D:5      | Reached XP level 7. HP: 60/60 MP: 7/7
  5645 | D:6      | Found an opulent altar of Gozag.
  5711 | D:5      | Reached skill level 9 in Axes
  6045 | D:5      | Reached XP level 8. HP: 67/67 MP: 8/8
  6244 | D:6      | Reached skill level 10 in Axes
  6712 | D:6      | Noticed Blork the orc
  6746 | D:6      | Killed Blork the orc
  6982 | D:6      | Found a snail-covered altar of Cheibriados.
  7006 | D:6      | Found a sparkling altar of Nemelex Xobeh.
  7048 | D:6      | Found a hazy altar of Hepliaklqana.
  7117 | D:6      | Found a snail-covered altar of Cheibriados.
  7296 | D:7      | Reached skill level 5 in Fighting
  8127 | D:7      | Reached XP level 9. HP: 73/80 MP: 9/9
  8351 | D:7      | Reached **** piety under Trog
  8527 | D:7      | Found Qategek's Armour Emporium.
  8660 | D:7      | Reached skill level 5 in Armour
  8953 | D:7      | Found a staircase to the Ecumenical Temple.
  9113 | D:7      | Found a shadowy altar of Dithmenos.
  9175 | D:7      | Found a burning altar of Makhleb.
  9414 | D:8      | Noticed a four-headed hydra
  9505 | D:8      | Reached ***** piety under Trog
  9581 | D:8      | Noticed Harold
  9720 | D:8      | Found a glowing golden altar of the Shining One.
  9930 | D:7      | Bought the +2 helmet of Kleptomania {rPois Will+} for 375
                  | gold pieces
  9974 | D:9      | Noticed Erolcha
 10036 | D:9      | Killed Erolcha
 10037 | D:9      | Reached XP level 10. HP: 95/95 MP: 10/10
 10272 | D:9      | Found a hazy altar of Hepliaklqana.
 10836 | D:9      | Received a gift from Trog
 10963 | D:10     | Entered Level 10 of the Dungeon
 12174 | D:10     | Noticed Joseph
 12186 | D:10     | Killed Joseph
 12187 | D:10     | Reached skill level 11 in Axes
 12397 | D:10     | Noticed an unseen horror
 12400 | D:10     | Killed an unseen horror
 12756 | D:11     | Noticed a two-headed ogre
 12768 | D:10     | Reached skill level 12 in Axes
 12791 | D:11     | Killed a two-headed ogre
 12792 | D:11     | Reached XP level 11. HP: 103/103 MP: 11/11
 13131 | D:11     | Noticed a green ugly thing
 13146 | D:10     | Killed a green ugly thing
 13391 | D:11     | Reached skill level 13 in Axes
 13589 | D:11     | Found Dycveel's Assorted Antiques.
 13597 | D:11     | Bought a grey potion for 16 gold pieces
 13597 | D:11     | Bought a scroll labelled EZAGUU ZAMYH for 18 gold pieces
 13597 | D:11     | Bought a scroll labelled EZAGUU ZAMYH for 18 gold pieces
 13597 | D:11     | Bought 2 scrolls labelled TANGEO YCUORGH for 36 gold pieces
 14037 | D:11     | Found a staircase to the Lair.
 14420 | D:11     | Reached skill level 14 in Axes
 14671 | Lair:1   | Entered Level 1 of the Lair of Beasts
 14870 | Lair:1   | Noticed an oklob plant
 15147 | Lair:1   | Found a runed translucent gate.
 15147 | Lair:1   | Found a runed translucent gate.
 15147 | Lair:1   | Found a runed translucent gate.
 15150 | Lair:1   | Found a viscous altar of Jiyva.
 15150 | Lair:1   | Noticed cobaltphoenix's ghost (journeyman TrMo)
 15264 | Lair:1   | Reached skill level 15 in Axes
 15398 | Lair:1   | Received a gift from Trog
 15565 | D:8      | Reached XP level 12. HP: 89/111 MP: 12/12
 15818 | D:8      | Found a blossoming altar of Fedhas.
 15899 | D:8      | Killed a one-headed hydra
 15900 | D:8      | Reached skill level 1 in Slings
 15900 | D:8      | Reached skill level 1 in Evocations
 16156 | D:8      | Noticed Pikel
 16171 | D:8      | Killed Pikel
 16361 | Lair:1   | Noticed Fannar
 16376 | Lair:1   | Killed Fannar
 16975 | Lair:2   | Noticed Nergalle
 16979 | Lair:2   | Noticed a six-headed hydra
 16985 | Lair:2   | Killed Nergalle
 16988 | Lair:2   | Killed a two-headed hydra
 16989 | Lair:2   | Reached skill level 10 in Fighting
 17302 | Lair:2   | Noticed Urug
 17316 | Lair:2   | Killed Urug
 17724 | Lair:2   | Found a hole to the Spider Nest.
 17821 | Lair:2   | Noticed a five-headed hydra
 17829 | Lair:2   | Killed a one-headed hydra
 17830 | Lair:2   | Reached skill level 5 in Evocations
 18431 | Lair:3   | Noticed an eight-headed hydra
 18438 | Lair:3   | Killed a six-headed hydra
 19270 | Lair:3   | Noticed a five-headed hydra
 19282 | Lair:3   | Killed a two-headed hydra
 19283 | Lair:3   | Reached XP level 13. HP: 104/124 MP: 13/13
 19510 | Lair:3   | Found a staircase to the Swamp.
 19616 | Lair:3   | Noticed a dire elephant
 19617 | Lair:3   | Found the +2 Maxwell's thermic engine {flame, freeze}
 19636 | Lair:3   | Found a runed translucent door.
 20543 | Lair:4   | Noticed Josephine
 20554 | Lair:4   | Killed Josephine
 21778 | Lair:4   | Identified a scroll of acquirement
 21778 | Lair:4   | Acquired a manual of Fighting
 22519 | Lair:5   | Found a viscous altar of Jiyva.
 22519 | Lair:5   | Found a staircase to the Slime Pits.
 22612 | Lair:5   | Reached skill level 10 in Armour
 23423 | D:12     | Found Baqeaf's Magic Scroll Shoppe.
 23478 | D:12     | Found a gate leading to a gauntlet.
 23487 | Gauntlet | Entered a Gauntlet
 23487 | Gauntlet | Found a transporter.
 23517 | Gauntlet | Found a transporter.
 23517 | Gauntlet | Found a transporter.
 23528 | Gauntlet | Found a transporter.
 23532 | Gauntlet | Found a runed translucent door.
 23534 | Gauntlet | Found a runed translucent door.
 23535 | Gauntlet | Noticed a reaper
 23536 | Gauntlet | Found a transporter.
 23552 | Gauntlet | Found a transporter.
 23562 | Gauntlet | Found a transporter.
 23572 | Gauntlet | Found a transporter.
 23590 | Gauntlet | Found a transporter.
 23601 | Gauntlet | Found a transporter.
 23603 | Gauntlet | Found a transporter.
 23643 | Gauntlet | Found a transporter.
 23657 | Gauntlet | Found a transporter.
 23698 | Gauntlet | Found a transporter.
 23842 | Gauntlet | Got a scintillating brass ring
 23896 | Gauntlet | Identified the ring of Usomithri {+Fly rF+ rC+} (You found
                  | it in a Gauntlet)
 23903 | Gauntlet | Noticed a minotaur
 24020 | Gauntlet | Killed a minotaur
 24166 | D:12     | Found a staircase to the Orcish Mines.
 24277 | D:12     | Acquired the ring "Zyin" {+Fly rN++ Int+2}
 24285 | D:12     | Acquired a manual of Axes
 24313 | D:12     | You fall into a shaft and drop 2 floors!
 24326 | D:14     | Noticed Snorg
 24329 | D:14     | Reached XP level 14. HP: 110/139 MP: 14/14
 24341 | D:14     | Killed Snorg
 24344 | D:13     | HP: 7/141 [poisoned by a meliai]
 24345 | D:14     | Slain by a vault guard

Illustrated notes

Levels and vault maps discovered:
D:1:      lemuel_arrival_muddy, layout_basic, serial_corexii_hall,
          chequers_hall_statues_corner_a, chequers_hall_statues_wall_a,
          chequers_hall_statues_y, corexii_hall_statues_i, minivault_14,
          ashenzari_altar_1
D:2:      layout_rooms, eat_drink_and_be_merry_uskayaw,
          nicolae_ru_sacrificial_ziggurat, uniq_jessica
D:3:      layout_loops_corners, gammafunk_temple_overflow_pools
D:4:      layout_layer_cave, okawaru_trees_1, kennysheep_mini
D:5:      layout_rooms, serial_glass, glass_columns_c, glass_columns_a,
          basic_altar
D:6:      layout_rooms, kennysheep_mini_moat, nzn_hepliaklqana_mist_gate,
          grunt_gozag_statues, overflow_temple_1_default, cheibriados_altar_1,
          uniq_blork_the_orc
D:7:      layout_rooms, lemuel_coloured_pillars_altar, minmay_temple_entry_mist,
          serial_shops, shop, david_defended_altar_orc
D:8:      corexii_shack_village, layout_basic, fedhas_altar_3,
          kennysheep_little_box, kb_rosetta, uniq_harold, uniq_pikel
D:9:      layout_basic, basic_altar, grunt_ministairs_6, uniq_erolcha
D:10:     layout_stronghold, uniq_joseph
D:11:     layout_roguey, due_lair_maze_entry_diamond, serial_undead,
          serial_undead_d, serial_undead_e, serial_undead_f, serial_undead_d,
          serial_shops, shop, grunt_decor_cap, st_stairs_11,
          minmay_stone_trees_small, hangedman_decor_growths, minivault_14,
          minmay_fractal_squares_gapless_5
D:12:     layout_rooms, orc_0_dummy, serial_shops, shop, gauntlet_entry_generic,
          uniq_frances
D:13:     layout_irregular_city
D:14:     layout_gridville, erik_vaults_2, minmay_door_square,
          hangedman_abyss_or_decor_lesser_grid, minmay_shop_grid_forest,
          uniq_snorg
Lair:1:   layout_regular_city, gammafunk_ghost_ooze, minmay_lair_oklob_chamber,
          lemuel_fruit_fields, uniq_fannar
Lair:2:   layout_cellular_growth, spider_nest_entry_funnel_web, uniq_urug,
          uniq_nergalle
Lair:3:   gammafunk_lair_enchanted_lake, layout_cave_pods,
          minmay_swamp_entry_swarm, minivault_11, serial_bayou_shore_a,
          infiniplex_staircase_pool
Lair:4:   layout_misc_corridors, grunt_megastairs_1, uniq_josephine
Lair:5:   statuecave_lemuel, layout_hall_layers,
          dpeg_slime_entry_enclosed_altar, grunt_megastairs_3

Skill      XL: |  1  2  3  4  5  6  7  8  9 10 11 12 13 14 |
---------------+-------------------------------------------+-----
Axes           | 4 5 6 8 9 10 12 15 | 15.2
Armour         | 4 6 7 8 10 | 10.6
Fighting       | 5 8 9 11 13 14 | 14.1
Slings         | 1 |  1.0
Evocations     | 5 6 |  6.0
Dodging        | |  1.5

Action                   |  1- 3 |  4- 6 |  7- 9 | 10-12 | 13-15 || total
-------------------------+-------+-------+-------+-------+-------++-------
Melee: Hand axe          |    85 |   161 |    60 |       |       ||   306
       Tailslap          |     8 |    11 |    36 |    81 |    56 ||   192
       War axe           |       |       |   248 |   264 |   326 ||   838
       Battleaxe         |       |       |       |   323 |       ||   323
 Fire: Hunting sling     |    24 |    51 |   101 |       |       ||   176
Throw: Boomerang         |       |       |       |   129 |    80 ||   209
       Throwing net      |       |       |       |     2 |     2 ||     4
Invok: Berserk           |     1 |     6 |    11 |     9 |     4 ||    31
       Trog's Hand       |       |       |     2 |     5 |     2 ||     9
       Brothers in Arms  |       |       |       |     1 |     2 ||     3
 Abil: Rolling Charge    |    17 |    14 |    26 |    22 |     3 ||    82
Evoke: Wand              |       |       |     2 |     3 |    10 ||    15
  Use: Scroll            |       |     7 |     3 |     6 |    16 ||    32
       Potion            |       |       |     2 |       |       ||     2
 Stab: Held in net/web   |       |       |       |       |     1 ||     1
Armor: Animal skin       |    35 |       |       |       |       ||    35
       Scale mail        |     8 |     2 |       |       |       ||    10
       Plate armour      |       |   131 |   240 |   493 |   199 ||  1063
       Fire dragon scale |       |       |       |       |    43 ||    43
Dodge: Dodged            |    49 |    33 |    70 |   145 |    89 ||   386

Table legend: (Time is in decaauts)
 A = Elapsed time spent in this place.
 B = Non-inter-level travel time spent in this place.
 C = Inter-level travel time spent in this place.
 D = Time resting spent in this place.
 E = Time spent auto-exploring this place.
 F = Levels seen in this place.
 G = Mean time per level.
                   A        B        C        D        E       F      G
               +--------+--------+--------+--------+--------+-----+--------+
         Total |  24684 |  23208 |   1476 |   8175 |  11218 |  20 | 1234.2 |
       Dungeon |  16178 |  15288 |    890 |   5872 |   6660 |  14 | 1155.6 |
          Lair |   7902 |   7317 |    585 |   2105 |   4289 |   5 | 1580.4 |
      Gauntlet |    602 |    602 |      0 |    198 |    269 |   1 |  602.0 |
               +--------+--------+--------+--------+--------+-----+--------+

Top non-repeatable levels by time:
     D:7: 2259 daAuts
  Lair:3: 2094 daAuts
    D:10: 1915 daAuts
    D:11: 1882 daAuts
     D:3: 1751 daAuts
  Lair:2: 1528 daAuts
  Lair:1: 1453 daAuts
  Lair:4: 1453 daAuts
  Lair:5: 1373 daAuts
     D:5: 1350 daAuts
     D:8: 1250 daAuts
     D:4: 1242 daAuts
     D:6: 1189 daAuts
     D:1: 1120 daAuts
     D:9: 1084 daAuts
